 Dungeon Crawl Stone Soup version 0.29.1-13-g9f3cf754e1 (webtiles) character file.

Game seed: 4070911355148357073

26 bubby the Ducker (level 3, -5/30 HPs)
             Began as a Ghoul Gladiator on Jan 19, 2023.
             Slain by a goblin
             ... wielding a +0 club
             ... led by Robin
              (6 damage)
             ... on level 3 of the Dungeon.
             The game lasted 00:02:48 (1367 turns).

bubby the Ducker (Ghoul Gladiator)                  Turns: 1367, Time: 00:02:53

Health: -5/30      AC:  4    Str: 19    XL:     3   Next: 8%
Magic:  2/2        EV: 12    Int:  3    God:
Gold:   119        SH:  0    Dex: 10    Spells: 2/2 levels left

rFire   . . .      SeeInvis +   a - +0 flail (venom)
rCold   + . .      Faith    .   (no shield)
rNeg    + + +      Spirit   .   b - +0 leather armour
rPois   ∞          Reflect  .   c - +0 helmet
rElec   .          Harm     .   (no cloak)
rCorr   .          Rampage  .   (no gloves)
Will    .....                   (no boots)
Stlth   +.........              t - amulet of regeneration
HPRegen 0.00/turn               n - ring of see invisible
MPRegen 0.08/turn               (no ring)

@: inhibited regen
A: claws 1, cold resistance 1, negative energy resistance 3, inhibited
regeneration, torment resistance 2, devour on kill
a: no special abilities


You were on level 3 of the Dungeon.
You visited 1 branch of the dungeon, and saw 3 of its levels.

You collected 119 gold pieces.

Inventory:

Hand Weapons
 a - a +0 flail of venom (weapon)
Missiles
 d - 3 throwing nets (quivered)
 e - a javelin
Armour
 b - a +0 leather armour (worn)
 c - a +0 helmet (worn)
Jewellery
 n - a ring of see invisible (left claw)
 t - an amulet of regeneration (around neck)
Scrolls
 f - 3 scrolls of teleportation {unknown}
 l - a scroll of blinking {unknown}
 s - a scroll of fear {unknown}
Potions
 h - a potion of heal wounds {unknown}
 i - a potion of haste {unknown}
 j - a potion of brilliance {unknown}
 k - a potion of berserk rage {unknown}
 o - a potion of lignification {unknown}
 q - a potion of attraction {unknown}
 u - a potion of curing {unknown}


   Skills:
 + Level 2.6 Fighting
 + Level 3.0 Maces & Flails
 - Level 1.7 Throwing
 + Level 1.0 Armour
 + Level 3.0 Dodging


You had 2 spell levels left.
You didn't know any spells.
Your spell library contained the following spells:

 Spells                   Type           Power      Damage    Failure   Level
 Apportation              Tloc           0%         N/A       58%         1
 Alistair's Intoxication  Tmut/Pois      0%         N/A       100%        5


Dungeon Overview and Level Annotations

Branches:
Dungeon (3/15)

Altars:

Annotations:
D:3 Robin


Innate Abilities, Weirdness & Mutations

You are immune to poison.
You have sharp fingernails.
Your flesh is cold resistant. (rC+)
You are immune to negative energy. (rN+++)
You do not regenerate when monsters are visible.
You are immune to unholy pain and torment.
You thrive by killing the living.


Message History

The goblin hits you with a +0 club.
* * * LOW HITPOINT WARNING * * *
Okay, then.
As you read the scroll labelled RAMUH JUCI, it crumbles to dust.
Wisps of shadow whirl around you...
It was a scroll of summoning.
The goblin shouts!
You hear a shout!
The orc closely misses you. The goblin completely misses you.
The hobgoblin hits your endoplasm!
Your endoplasm dies!
Your endoplasm dissolves into shadows!
The goblin hits you with a +0 club.
* * * LOW HITPOINT WARNING * * *
The goblin completely misses you.
As you read the scroll labelled BOVISE ELALE, it crumbles to dust.
It is a scroll of amnesia.
You feel forgetful for a moment. The goblin hits you but does no damage.
The goblin completely misses you.
Your ball python closely misses the goblin. x2
The goblin closely misses you.
A ball python comes into view.
Your orc hits the goblin with a +0 war axe!
The goblin dies!
Your orc completely misses the goblin.
Your orc hits the hobgoblin with a +0 war axe!
The hobgoblin dies!
Your Armour skill increases to level 1!
As you read the scroll labelled JUTUEPH LUIRIRPH, it crumbles to dust.
It is a scroll of brand weapon.
Your +0 flail drips with poison.
a - a +0 flail of venom (weapon)
A goblin comes into view. It is wielding a +0 dagger.
The goblin barely misses you. The goblin closely misses you.
Your orc barely misses the goblin.
Your orc barely misses the hobgoblin.
As you read the scroll labelled SEEKIL RIMIX, it crumbles to dust.
The scroll dissolves into smoke.
It was a scroll of fog.
Your ball python closely misses the goblin.
Your ball python misses the goblin.
The hobgoblin closely misses your ball python.
The goblin hits you with a +0 club.
You die...

. .. ... ....
# ..... ##.#
......####o..#
......oo#So#
.$....og@gg#
......o###§g#
....... .g.g
....... ##..
....... g
.......
....###


You could see 4 orcs, a hobgoblin (strong), 2 goblins, 2 friendly orcs and a
friendly ball python (summoned).

Vanquished Creatures
  A bat (D:1)
  2 endoplasms
  2 giant cockroaches (D:1)
  6 goblins
  A hobgoblin (D:2)
  2 quokkas (D:1)
  2 ball pythons (D:1)
  3 frilled lizards
  A kobold (D:1)
  A rat (D:1)
21 creatures vanquished.

Vanquished Creatures (collateral kills)
  A goblin (D:3)
  A hobgoblin (D:3)
2 creatures vanquished.

Grand Total: 23 creatures vanquished

Notes
Turn   | Place    | Note
-------+----------+-------------------------------------------
     0 | D:1      | bubby the Ghoul Gladiator began the quest for the Orb.
     0 | D:1      | Reached XP level 1. HP: 17/17 MP: 0/0
   151 | D:1      | Reached XP level 2. HP: 25/25 MP: 1/1
   343 | D:1      | Found a faded altar of an unknown god.
   351 | D:1      | Got Plato's Parchment of Fate
  1357 | D:3      | Noticed Robin
  1363 | D:3      | Reached XP level 3. HP: 13/30 MP: 2/2
  1364 | D:3      | HP: 1/30 [goblin/+0 club[Robin] (1)]
  1366 | D:3      | Reached skill level 1 in Armour
  1367 | D:3      | Slain by a goblin

Illustrated notes

Levels and vault maps discovered:
D:1:      eino_arrival_water_cross, layout_basic,
          shapermc_ecumenical_altar_rom_forum
D:2:      layout_loops_ring
D:3:      layout_rooms, uniq_robin

Skill      XL: |  1  2  3 |
---------------+----------+-----
Dodging        | 3 |  3.0
Maces & Flails | 3 |  3.0
Armour         | 1 |  1.0
Fighting       | |  2.6
Throwing       | |  1.7

Action                   || total
-------------------------++-------
Melee: Flail             ||    68
       Punch             ||     3
  Use: Scroll            ||     4
Armor: Leather armour    ||    40
Dodge: Dodged            ||    51
